 Dungeon Crawl Stone Soup version 0.31-a0-691-g409c26aa35 (webtiles) character file.

Game seed: 823508779524850067

723 Dordric the Changeling (level 7, 0/43 HPs)
             Began as an Octopode Shapeshifter on Sept 7, 2023.
             Was an Initiate of Makhleb.
             Slain by a killer bee (9 damage)
             ... on level 5 of the Dungeon.
             The game lasted 00:04:32 (3815 turns).

Dordric the Changeling (Octopode Shapeshifter)      Turns: 3815, Time: 00:04:32

Health: 0/43       AC:  1    Str: 13    XL:     7   Next: 71%
Magic:  8/8        EV: 13    Int: 13    God:    Makhleb [......]
Gold:   315        SH:  0    Dex: 13    Spells: 6/6 levels left

rFire   . . .        o - melded +1 short sword (speed)
rCold   . . .        (shield currently unavailable)
rNeg    . . .        (helmet restricted)
rPois   .            (no amulet)
rElec   .            (no ring)
rCorr   .            (no ring)
SInv    .            (no ring)
Will    .....        (no ring)
Stlth   +            (no ring)
HPRegen 0.27/turn    (no ring)
MPRegen 0.11/turn    (no ring)
                     (no ring)

%: no passive effects
@: flux-form, glowing
A: glow, contaminating, almost no armour, amphibious, 8 rings, camouflage 1,
gelatinous body 1, (nimble swimmer 1), tentacles
a: Begin Untransformation, Renounce Religion


You were on level 5 of the Dungeon.
You worshipped Makhleb.
Makhleb was noncommittal.
You were something dangerously unstable.
You visited 1 branch of the dungeon, and saw 5 of its levels.

You collected 315 gold pieces.

Inventory:

Hand Weapons
 o - a +1 short sword of speed (melded)
Talismans
 b - a beast talisman
 c - a flux talisman (active)
Scrolls
 e - a scroll of fog
 g - 2 scrolls of revelation
 i - a scroll of teleportation
 j - 3 scrolls of fear
 k - a scroll of enchant weapon
 m - a scroll of enchant armour {unknown}
Potions
 a - 2 potions of lignification
 d - 4 potions of curing
 f - a potion of ambrosia {unknown}
 h - a potion of might {unknown}
 l - a potion of degeneration {unknown}
 n - a potion of enlightenment {unknown}
 p - a potion of attraction {unknown}


   Skills:
 - Level 1.0 Fighting
 - Level 2.0 Dodging
 + Level 3.3 Unarmed Combat
 + Level 2.5 Invocations
 + Level 7.6 Shapeshifting


You had 6 spell levels left.
You didn't know any spells.
Your spell library contained the following spells:

 Spells                   Type           Power      Damage    Failure   Level
 Magic Dart               Conj           0%         1d3       30%         1
 Sting                    Tmut/Pois      0%         1d3       30%         1
 Call Imp                 Summ           0%         N/A       43%         2
 Poisonous Vapours        Pois/Air       0%         N/A       43%         2
 Mephitic Cloud           Conj/Pois/Air  0%         N/A       67%         3
 Olgreb's Toxic Radiance  Pois           0%         N/A       97%         4


Dungeon Overview and Level Annotations

Branches:
Dungeon (5/15)
 Temple: D:4-7

Altars:
Makhleb
Wu Jian
Xom
The Shining One


Innate Abilities, Weirdness & Mutations

You are something dangerously unstable.
You glow with magical radiation, making you easy to see and hit.
Foes you strike become dangerously contaminated with magical radiation.
You are incapable of wielding weapons or throwing items.
You cannot wear most types of armour.
You are amphibious.
You can wear up to eight rings at the same time.
Your skin changes colour to match your surroundings (Stealth+).
Your rubbery body absorbs attacks. (AC +1, EV +1)
((You are camouflaged when in or above water. (Stealth+)))
You have tentacles for arms and can constrict up to eight enemies at once.


Message History

The killer bee poisons you!
You tentacle-slap the killer bee but do no damage.
The killer bee begins to glow.
The killer bee is lightly wounded.
You constrict the killer bee.
You feel very sick. The killer bee stings you!
You are more poisoned.
The killer bee poisons you! The killer bee misses you.
You tentacle-slap the killer bee.
The killer bee glows dangerously bright.
The killer bee is moderately wounded.
You constrict the killer bee.
You feel very sick. The killer bee misses you.
You tentacle-slap the killer bee but do no damage.
The killer bee shudders as magic cascades through it!
You kill the killer bee!
Makhleb accepts your kill.
You feel very sick.
You feel very sick.
You feel sick.
You feel sick.
You feel sick.
You feel sick.
A killer bee is nearby!
A killer bee is nearby!
A killer bee is nearby!
You feel sick.
You feel sick.
The killer bee buzzes angrily.
You feel sick.
You feel sick.
You are no longer poisoned.
You tentacle-slap the killer bee.
The killer bee begins to glow.
You grab the killer bee. You squeeze the killer bee.
The killer bee is heavily wounded.
You constrict the killer bee. The killer bee barely misses you.
The killer bee stings you!
You die...

#......... #.......# #
#.......###.# #
#...........# #
#.........### #
####.###...## ######
##.####...# .....####
#..#....#>#
####....######.#B....#
. #
####..†))...#y#.### #
######†....#.###.# #
#...###.).....# #
#.........###.. #
#...###.### ####
#.....#..# ...#
...#.#.#†###
##.....#....#.....##


You could see a killer bee (contam).

Vanquished Creatures
  A black bear (D:4)
  An ogre (D:3)
  A scorpion (D:5)
  3 killer bees
  3 hounds
  Natasha (thrice) (D:2)
  Terence (D:2)
  An iguana (D:4)
  3 gnolls (D:3)
  An adder (D:2)
  A shadow imp (D:3)
  A worm (D:2)
  4 dart slugs
  11 orcs
  6 endoplasms
  A giant cockroach (D:1)
  5 goblins
  3 hobgoblins
  14 jackals
  3 quokkas
  5 ball pythons
  5 bats
  2 frilled lizards
  4 kobolds
  A rat (D:3)
84 creatures vanquished.

Notes
Turn   | Place    | Note
-------+----------+-------------------------------------------
     0 | D:1      | Dordric the Octopode Shapeshifter began the quest for the
                  | Orb.
     0 | D:1      | Reached XP level 1. HP: 13/13 MP: 1/1
   545 | D:1      | Reached XP level 2. HP: 18/18 MP: 2/2
   875 | D:1      | Reached skill level 4 in Shapeshifting
   875 | D:1      | Reached XP level 3. HP: 23/23 MP: 3/3
  1040 | D:2      | Noticed Terence
  1048 | D:2      | Killed Terence
  1134 | D:2      | Noticed Natasha
  1140 | D:2      | Killed Natasha
  1141 | D:2      | Reached XP level 4. HP: 12/28 MP: 4/4
  1466 | D:2      | Reached skill level 5 in Shapeshifting
  1749 | D:2      | Noticed Natasha
  1754 | D:2      | Killed Natasha
  1755 | D:2      | Reached XP level 5. HP: 28/33 MP: 5/5
  1786 | D:2      | Noticed Natasha
  1790 | D:2      | Killed Natasha
  2221 | D:3      | Noticed an ogre
  2227 | D:3      | Killed an ogre
  2228 | D:3      | Reached skill level 6 in Shapeshifting
  2228 | D:3      | Reached XP level 6. HP: 38/38 MP: 6/6
  2652 | D:4      | Found a shimmering altar of Xom.
  2678 | D:4      | Found an ornate altar of the Wu Jian Council.
  2682 | D:4      | Found a glowing golden altar of the Shining One.
  2843 | D:4      | Noticed a black bear
  2853 | D:4      | Killed a black bear
  2854 | D:4      | Reached skill level 7 in Shapeshifting
  3092 | D:4      | Reached XP level 7. HP: 43/43 MP: 7/7
  3227 | D:4      | Found a burning altar of Makhleb.
  3363 | D:4      | Became a worshipper of Makhleb the Destroyer
  3414 | D:5      | Entered Level 5 of the Dungeon
  3442 | D:4      | Reached skill level 1 in Invocations
  3815 | D:5      | Slain by a killer bee

Illustrated notes

Levels and vault maps discovered:
D:1:      dpeg_arrival_brainrot, layout_loops_corners
D:2:      layout_loops_ring, uniq_terence, uniq_natasha
D:3:      layout_rooms
D:4:      layout_basic, xom_teletrap_fun, jmf_multi_god_temple,
          lightli_temple_of_fire
D:5:      layout_rooms, kiku_gazebo_garden_becter

Skill      XL: |  1  2  3  4  5  6  7 |
---------------+----------------------+-----
Shapeshifting  | 4 5 6 7 |  7.6
Invocations    | 2 |  2.5
Fighting       | |  1.0
Dodging        | |  2.0
Unarmed Combat | |  3.3

Action                     |  1- 3 |  4- 6 |  7- 9 || total
---------------------------+-------+-------+-------++-------
  Melee: Unarmed           |    41 |    37 |    40 ||   118
         Constrict         |    16 |    21 |    14 ||    51
         Tentacles         |     8 |    19 |    15 ||    42
         Punch             |     3 |     2 |       ||     5
         Short sword       |       |    58 |     3 ||    61
    Use: Scroll            |       |     5 |       ||     5
         Potion            |       |       |     3 ||     3
   Stab: Sleeping          |     4 |     9 |       ||    13
 Armour: Skin              |     9 |    29 |    24 ||    62
  Dodge: Dodged            |    18 |    41 |    35 ||    94
   Form: Flux              |       |       |     1 ||     1

Table legend: (Time is in decaauts)
 A = Elapsed time spent in this place.
 B = Non-inter-level travel time spent in this place.
 C = Inter-level travel time spent in this place.
 D = Time resting spent in this place.
 E = Time spent auto-exploring this place.
 F = Levels seen in this place.
 G = Mean time per level.
                   A        B        C        D        E       F      G
               +--------+--------+--------+--------+--------+-----+--------+
         Total |   3787 |   3599 |    188 |    100 |   2994 |   5 |  757.4 |
       Dungeon |   3787 |   3599 |    188 |    100 |   2994 |   5 |  757.4 |
               +--------+--------+--------+--------+--------+-----+--------+

Top non-repeatable levels by time:
     D:1: 1011 daAuts
     D:4: 934 daAuts
     D:2: 842 daAuts
     D:3: 752 daAuts
     D:5: 247 daAuts
